 Dungeon Crawl Stone Soup version 0.26-a0-547-g695e311587 (webtiles) character file.

Game seed: 6783048039476199162

70 Errates the Digger (level 4, 0/24 HPs)
             Began as a Gargoyle Earth Elementalist on Aug 20, 2020.
             Slain by Grinder (1 damage)
             ... while paralysed by Grinder
             ... on level 3 of the Dungeon.
             The game lasted 00:04:04 (2871 turns).

Errates the Digger (Gargoyle Earth Elementalist)    Turns: 2871, Time: 00:04:04

Health: 0/24       AC:  6    Str: 11    XL:     4   Next: 22%
Magic:  3/8        EV:  2    Int: 17    God:
Gold:   127        SH:  0    Dex: 10    Spells: 5/9 levels left

rFire    . . .     SeeInvis .   j - +1 short sword
rCold    . . .     Faith    .   (no shield)
rNeg     + + .     Spirit   .   c - +0 robe
rPois    ∞         Reflect  .   g - +0 helmet
rElec    +         Harm     .   (no cloak)
rCorr    .                      (no gloves)
MR       .....                  (no boots)
Stlth    ++........             (no amulet)
HPRegen  0.08/turn              o - ring of positive energy
MPRegen  0.11/turn              (no ring)

@: paralysed
A: negative energy resistance 1, electricity resistance, unbreathing,
petrification resistance, rot immunity, AC +3
a: no special abilities


You were on level 3 of the Dungeon.
You visited 1 branch of the dungeon, and saw 3 of its levels.

You collected 127 gold pieces.

Inventory:

Hand Weapons
 d - a +0 club
 j - a +1 short sword (weapon)
Missiles
 b - 17 stones (quivered)
Armour
 c - a +0 robe (worn)
 g - a +0 helmet (worn)
Jewellery
 o - a ring of positive energy (left hand)
Potions
 a - a potion of degeneration {unknown}
 e - 3 potions of ambrosia {unknown}
 h - a potion of mutation {unknown}
 p - a potion of curing {unknown}


   Skills:
 - Level 1.5 Dodging
 - Level 2.1 Stealth
 + Level 3.0 Spellcasting
 + Level 1.2 Conjurations
   Level 0.7 Transmutations
 + Level 4.7 Earth Magic


You had 5 spell levels left.
You knew the following spells:

 Your Spells              Type           Power        Failure   Level
a - Sandblast             Erth           ###...       2%          1
b - Stone Arrow           Conj/Erth      ##....       16%         3

Your spell library contained the following spells:

 Spells                   Type           Power        Failure   Level
 Passwall                 Tmut/Erth      ##......     9%          2
 Petrify                  Tmut/Erth      ##......     50%         4
 Lee's Rapid Deconstruct  Erth           ###.......   56%         5


Dungeon Overview and Level Annotations

Branches:
Dungeon (3/15)

Altars:
Makhleb
Zin

Annotations:
D:3 Grinder


Innate Abilities, Weirdness & Mutations

You are resistant to torment.
Your stone body is resilient. (AC +3)
You are immune to poison.
You resist negative energy. (rN+)
You are resistant to electric shocks. (rElec)
You can survive without breathing.
You are immune to petrification.
You are immune to rotting.


Message History

Grinder is severely wounded.
b - 18 stones Grinder closely misses you.
Casting: Sandblast (safe; 2% risk of failure)
Confirm with . or Enter, or press ? or * to list all spells.
Aiming: Sandblast (safe; 2% risk of failure)
Press: ? - help, Shift-Dir - straight line, f/p - Grinder
Aim: Grinder (severely wounded)
The blast of sand hits Grinder but does no damage.
Grinder is severely wounded.
b - 17 stones Grinder gestures at you.
You suddenly lose the ability to move!
Grinder hits you but does no damage. x2
Grinder gestures at you.
You shrug off the repeated paralysis!
Grinder hits you!
* * * LOW HITPOINT WARNING * * *
You writhe in agony.
You die...

,,,,*,,,,,###*#.#.#.####****
***,*,,,,,* #.#.#.#,,,,,,*
,,,,,,,,,,* #.#.#.#,#***,*
***,*****,* #.#†#.#.# *,* *
*,* *,** #.#.#.#.####,* *
*,* *,,*###.#........#,* *
*,* *,,,,..r###.#.##.#,*
***,*****#..###5###.#,**,*,*
*,,,,,,,,*#!....@...#,,,,*,*
*,,,,,,,,.....#.#####*****,*
*,,,,,,,,##.,...,,,,,,,,,,,*
*,,,,,,,,**,#.#.************
***********.....,,*
#..,#.*,* **** ***#.,,..*,*
,,,* *,,..,*#.*,* ,,,*
*,,,,,**,*,*


You could see Grinder and a rat.

Vanquished Creatures
  An adder (D:2)
  An ooze (D:2)
  A worm (D:2)
  2 dart slugs (D:1)
  2 leopard geckos
  8 bats
  2 giant cockroaches
  6 goblins
  3 hobgoblins
  6 jackals
  A quokka (D:3)
  A ball python (D:1)
  2 frilled lizards
  3 kobolds
  8 rats
47 creatures vanquished.

Notes
Turn   | Place    | Note
-------+----------+-------------------------------------------
     0 | D:1      | Errates the Gargoyle Earth Elementalist began the quest for
                  | the Orb.
     0 | D:1      | Reached XP level 1. HP: 10/10 MP: 3/3
   177 | D:1      | Reached XP level 2. HP: 15/15 MP: 5/5
   187 | D:1      | Reached skill level 4 in Earth Magic
   867 | D:1      | Reached XP level 3. HP: 8/19 MP: 5/7
   901 | D:1      | Learned a level 3 spell: Stone Arrow
  1517 | D:2      | Found a burning altar of Makhleb.
  1517 | D:2      | Found a glowing silver altar of Zin.
  1518 | D:2      | Noticed an angel
  1518 | D:2      | Noticed a balrug
  1900 | D:2      | Reached skill level 1 in Conjurations
  2245 | D:2      | Reached XP level 4. HP: 11/24 MP: 6/8
  2858 | D:3      | Noticed Grinder
  2867 | D:3      | Paralysed by Grinder for 6 turns
  2871 | D:3      | HP: 1/24 [Grinder (7)]
  2871 | D:3      | Slain by Grinder

Illustrated notes

Levels and vault maps discovered:
D:1:      lightli_arrival_windingriver, layout_rooms
D:2:      layout_basic, grunt_temple_overflow_order_and_chaos_2
D:3:      layout_basic, uniq_crazy_yiuf_cottage, uniq_grinder

Skill      XL: |  1  2  3 |
---------------+----------+-----
Earth Magic    | 4 |  4.7
Conjurations   | 1 |  1.2
Spellcasting   | 3 |  3.0
Dodging        | |  1.5
Stealth        | |  2.1
Transmutations | |  0.7

Action                   |  1- 3 |  4- 6 || total
-------------------------+-------+-------++-------
Melee: Club              |    81 |       ||    81
       Short sword       |    67 |    14 ||    81
 Cast: Sandblast         |    18 |    10 ||    28
  Use: Scroll            |       |     6 ||     6
 Stab: Sleeping          |     4 |     1 ||     5
Armor: Robe              |    50 |     7 ||    57
Dodge: Dodged            |   120 |    10 ||   130

Table legend: (Time is in decaauts)
 A = Elapsed time spent in this place.
 B = Non-inter-level travel time spent in this place.
 C = Inter-level travel time spent in this place.
 D = Time resting spent in this place.
 E = Time spent auto-exploring this place.
 F = Levels seen in this place.
 G = Mean time per level.
                   A        B        C        D        E       F      G
               +--------+--------+--------+--------+--------+-----+--------+
         Total |   2902 |   2858 |     44 |    966 |   1422 |   3 |  967.3 |
       Dungeon |   2902 |   2858 |     44 |    966 |   1422 |   3 |  967.3 |
               +--------+--------+--------+--------+--------+-----+--------+

Top non-repeatable levels by time:
     D:2: 1402 daAuts
     D:1: 1324 daAuts
     D:3: 175 daAuts
